 Dungeon Crawl Stone Soup version 0.21.1-1-g345015fe64 (webtiles) character file.

686 Ivernyr the Covered (level 7, 0/52 HPs)
             Began as a Human Skald on May 2, 2018.
             Was a Believer of Zin.
             Slain by a hound (6 damage)
             ... on level 4 of the Dungeon.
             The game lasted 00:17:40 (5369 turns).

Ivernyr the Covered (Human Skald)                   Turns: 5369, Time: 00:17:41

Health: 0/52       AC:  6    Str: 12    XL:     7   Next: 94%
Magic:  3/10       EV: 12    Int: 15    God:    Zin [**....]
Gold:   176        SH:  0    Dex: 15    Spells: 5/10 levels left

rFire    . . .     SeeInvis .   a - +0 falchion
rCold    . . .     Gourm    .   (no shield)
rNeg     . . .     Faith    .   b - +0 leather armour
rPois    ∞         Spirit   .   (no helmet)
rElec    .         Reflect  .   (no cloak)
rCorr    .         Harm     .   (no gloves)
MR       .....                  (no boots)
Stlth    +.........             (no amulet)
HPRegen  0.17/turn              g - +3 ring of protection
MPRegen  0.12/turn              (no ring)

@: vitalised, shrouded, very slightly contaminated
A: no striking features
a: Recite, Vitalisation, Donate Gold, Renounce Religion


You were on level 4 of the Dungeon.
You worshipped Zin.
Zin was pleased with you.
You were very hungry.

You visited 1 branch of the dungeon, and saw 4 of its levels.

You collected 195 gold pieces.
You donated 19 gold pieces to Zin.

Inventory:

Hand Weapons
 a - a +0 falchion (weapon)
Missiles
 h - 7 javelins (quivered)
Armour
 b - a +0 leather armour (worn)
 s - a +0 pair of boots
Jewellery
 g - a +3 ring of protection (left hand)
 p - an uncursed ring of protection from cold {unknown}
Scrolls
 f - 5 scrolls of identify
 j - 2 scrolls of teleportation {unknown}
 k - a scroll of fear {unknown}
 n - 3 scrolls of remove curse
 r - a scroll of fog {unknown}
Potions
 e - a potion of lignification {unknown}
 i - a potion of heal wounds
 l - 2 potions of brilliance
 m - a potion of degeneration {unknown}
 o - 2 potions of curing {unknown}
 q - 3 potions of might {unknown}
Books
 c - a book of Battle

   Spells                             Type                      Level
   a - Infusion                       Charms                       1
   b - Shroud of Golubria             Charms/Translocation         2
   c - Song of Slaying                Charms                       2
   d - Spectral Weapon                Hexes/Charms                 3
   e - Regeneration                   Charms/Necromancy            3
Comestibles
 d - 4 rations


   Skills:
 - Level 3.1 Fighting
 + Level 4.0 Long Blades
 * Level 5.2 Armour
 - Level 2.0 Dodging
 - Level 2.0 Spellcasting
 + Level 4.5 Charms
 + Level 2.5 Invocations


You had 5 spell levels left.
You knew the following spells:

 Your Spells              Type           Power        Failure   Level  Hunger
a - Shroud of Golubria    Chrm/Tloc      #.........   17%         2    ###....
b - Song of Slaying       Chrm           ###.....     6%          2    ###....
c - Infusion              Chrm           ###.         4%          1    #......


Dungeon Overview and Level Annotations

Branches:
Dungeon (4/15)
 Temple: D:4-7

Altars:
Dithmenos
Zin

Annotations:
D:4 DildoBatman's ghost, amateur FoWz


Message History

Confirm with . or Enter, or press ? or * to list all spells.
Space distorts slightly along a thin shroud covering your body.
The hound closely misses you.
You riposte.
You closely miss the hound.
The hound is lightly wounded.
The hound closely misses you.
You slash the hound!
The hound is severely wounded.
The hound barely misses you.
You miss the hound.
The hound is severely wounded.
Your shroud bends the hound's attack away.
The hound closely misses you.
You miss the hound.
The hound is severely wounded.
Your shroud bends the hound's attack away.
The hound bites you but does no damage.
You closely miss the hound.
The hound is severely wounded.
The hound bites you.
You die...

##### #.........$ #...#
#..#..##.# ####.#.#
#........
##....#.####...#.####
..................)..
#........##.#.####
#........##.#.....
+#.#####(!(.......#....#
>..[..)@..........+....'
......h.....(..####....#
..######....#### #.....
....### #..(.. ######
#.[... #...## #...#
#...# #..


You could see a hound.

Vanquished Creatures
  An ogre (D:4)
  A centaur (D:4)
  A centaur zombie (D:3)
  A gnoll shaman (D:3)
  4 orc priests
  2 hounds
  An orc wizard (D:3)
  Natasha (D:3)
  8 gnolls
  6 adders
  An ooze (D:1)
  A worm (D:2)
  3 dart slugs
  A leopard gecko (D:1)
  15 orcs
  7 giant cockroaches
  5 goblins
  10 hobgoblins
  13 kobolds
  A quokka (D:3)
  12 bats
  2 frilled lizards
  5 rats
102 creatures vanquished.

Notes
Turn   | Place    | Note
-------+----------+-------------------------------------------
     0 | D:1      | Ivernyr the Human Skald began the quest for the Orb.
     0 | D:1      | Reached XP level 1. HP: 16/16 MP: 3/3
   306 | D:1      | Reached XP level 2. HP: 22/22 MP: 5/5
   310 | D:1      | Learned a level 2 spell: Song of Slaying
   313 | D:1      | Learned a level 2 spell: Shroud of Golubria
   635 | D:1      | Reached XP level 3. HP: 27/27 MP: 6/6
   672 | D:1      | Reached skill level 2 in Armour
  1117 | D:2      | Reached XP level 4. HP: 34/34 MP: 3/7
  1352 | D:2      | Found a glowing silver altar of Zin.
  1358 | D:2      | Became a worshipper of Zin the Law-Giver
  1771 | D:2      | Reached XP level 5. HP: 17/39 MP: 5/8
  2285 | D:2      | Reached skill level 3 in Armour
  2554 | D:2      | Reached * piety under Zin
  2876 | D:3      | Noticed Natasha
  2939 | D:3      | Killed Natasha
  3172 | D:3      | Found a shadowy altar of Dithmenos.
  3202 | D:3      | Reached XP level 6. HP: 26/47 MP: 3/9
  3229 | D:3      | Reached ** piety under Zin
  3566 | D:3      | Found a faded altar of an unknown god.
  3747 | D:4      | Noticed an ogre
  3770 | D:4      | Noticed DildoBatman's ghost (amateur FoWz)
  4151 | D:3      | Reached skill level 4 in Armour
  4151 | D:3      | Reached skill level 1 in Invocations
  4364 | D:3      | HP: 2/47 [gnoll (4)]
  4678 | D:3      | Reached XP level 7. HP: 23/52 MP: 7/10
  5327 | D:4      | Reached skill level 5 in Armour
  5369 | D:4      | Slain by a hound

Skill      XL: |  1  2  3  4  5  6  7 |
---------------+----------------------+-----
Armour         | 2 3 4 5 |  5.2
Fighting       | 3 |  3.1
Long Blades    | 3 4 |  4.0
Charms         | 4 |  4.5
Invocations    | 1 2 |  2.5
Dodging        | |  2.0
Spellcasting   | |  2.0

Action                   |  1- 3 |  4- 6 |  7- 9 || total
-------------------------+-------+-------+-------++-------
Melee: Falchion          |    90 |   282 |    68 ||   440
 Cast: Shroud of Golubri |     2 |    27 |    13 ||    42
       Song of Slaying   |       |     4 |       ||     4
Invok: Recite            |       |     4 |     4 ||     8
       Vitalisation      |       |       |     1 ||     1
  Use: Scroll            |       |     4 |       ||     4
       Potion            |       |     1 |       ||     1
 Stab: Confused          |       |     4 |       ||     4
  Eat: Chunk             |     1 |     8 |     2 ||    11
       Ration            |       |     2 |       ||     2
Armor: Leather armour    |    20 |    75 |    25 ||   120
Dodge: Dodged            |    78 |   176 |    58 ||   312
       Rpst.: Falchion   |    26 |    64 |    21 ||   111
